Map: Snowbound Colony

Players

OpuS

  • Race: Protoss Protoss
  • Spawn Location: 1:00

Feng

  • Race: Terran Terran
  • Spawn Location: 1:00

Sketchaphone

  • Race: Zerg Zerg
  • Spawn Location: 12:00

MogarFNSMASH

  • Race: Terran Terran
  • League: Master
  • Spawn Location: 6:00

HiveMind

  • Race: Terran Terran
  • League: Silver
  • Spawn Location: 7:00

KnightLaneII

  • Race: Terran Terran
  • Spawn Location: 7:00

VOD

Have the link to the VOD?

Description

Time

  • Played on: Jan. 22, 2019, 8:21 p.m.
  • Length: 17:03
Show
View Real Time Build Order
Export as new Build Order

OpuS Protoss 

Build Orders:  

Get SALT Encoding   

  12  0:01  Probe  
  13  0:13  Probe  
  14  0:19  Pylon  
  14  0:25  Probe  
  15  0:37  Probe  
  15  0:40  Gateway  
  16  0:47  Probe  
  17  0:53  Assimilator  
  17  0:55  Probe  
  18  1:05  Gateway, Probe  
  19  1:26  Probe  
  19  1:27  Zealot  
  19  1:30  Cybernetics Core  
  22  1:36  Pylon  
  22  1:41  Probe  
  23  1:50  Zealot  
  23  1:51  Zealot  
  27  2:06  Warp Gate  
  27  2:10  Probe  
  27  2:13  Pylon  
  28  2:17  Assimilator  
  28  2:19  Adept  
  30  2:23  Probe  
  30  2:31  Adept  
  30  2:35  Pylon  
  32  3:06  Nexus  
  32  3:08  Pylon  
  30  3:44  Adept  
  30  3:45  Adept  
  34  3:50  Probe  
  34  3:54  Robotics Facility  
  35  4:02  Probe  
  36  4:03  Gateway  
  36  4:05  Gateway  
  36  4:14  Probe  
  37  4:17  Twilight Council  
  37  4:20  Probe  
  38  4:26  Probe  
  38  4:30  Adept x2  
  43  4:32  Probe  
  45  4:38  Probe  
  45  4:41  Observer  
  45  4:44  Probe  
  47  4:50  Probe  
  48  4:55  Adept x2  
  48  4:56  Probe  
  48  4:59  Adept  
  55  5:00  Adept  
  55  5:02  Probe  
  58  5:08  Probe  
  58  5:09  Charge  
  59  5:14  Probe  
  59  5:15  Assimilator  
  59  5:21  Probe  
  61  5:22  Observer  
  61  5:27  Probe  
  63  5:33  Probe  
  63  5:34  Pylon  
  64  5:36  Pylon  
  64  5:39  Probe  
  64  5:40  Assimilator  
  57  6:00  Probe  
  57  6:02  Adept x4  
  57  6:04  Probe  
  55  6:08  Probe  
  55  6:16  Probe  
  57  6:25  Adept x4  
  63  6:27  Probe  
  63  6:28  Probe  
  67  6:35  Gateway  
  67  6:36  Gateway  
  67  6:38  Gateway  
  67  6:45  Gateway  
  67  6:47  Templar Archives  
  67  6:54  Adept x2  
  67  6:55  Adept  
  67  6:59  Adept  
  74  7:39  Zealot x2  
  74  7:40  Zealot x4  
  86  7:47  Pylon  
  86  7:48  Pylon  
  86  7:50  Pylon  
  86  7:53  Psionic Storm  
  82  8:01  Nexus  
  82  8:03  Pylon  
  82  8:19  Zealot x3  
  88  8:20  Zealot x4  
  88  8:23  Zealot  
  98  8:27  Probe x2  
  98  8:46  High Templar x5  
  98  8:47  High Templar x3  
  114  8:49  Probe x2  
  96  9:01  Probe  
  67  9:05  Probe  
  68  9:13  Probe  
  69  9:17  Probe  
  69  9:21  Stalker x3  
  69  9:22  Stalker x3  
  82  9:24  Stalker  
  82  9:25  Probe  
  71  9:54  Archon  
  71  9:56  Zealot x3  
  71  9:57  Zealot x5  
  77  10:13  Probe x3  
  80  10:19  Stalker x5  
  90  10:25  Probe x2  
  92  10:33  Blink  
  92  10:38  Assimilator  
  75  10:55  High Templar x3  
  75  10:56  High Templar x2  
  79  10:58  Zealot x3  
  69  11:28  Nexus  
  69  11:29  Assimilator x2  
  69  11:31  Pylon  
  67  11:32  Pylon  
  59  11:54  Zealot x5  
  61  11:55  Zealot  
  61  11:56  High Templar  
  61  11:58  Probe  
  74  12:02  Probe  
  75  12:12  Gateway  
  75  12:16  High Templar x2  
  75  12:19  High Templar  
  57  13:05  Stalker x2  
  57  13:06  Stalker x3  
  67  13:19  Stalker  
  69  13:20  Stalker x2  
  69  13:23  Probe x3  
  76  13:35  Probe x3  
  73  13:41  Stalker x2  
  75  13:58  Zealot  
  75  13:59  Zealot x5  
  85  14:09  Probe x3  
  88  14:16  High Templar x2  
  92  14:19  High Templar x3  
  92  14:21  Probe x3, High Templar  
  89  14:42  Archon x3  
Show
View Real Time Build Order
Export as new Build Order

Feng Terran 

Build Orders: Mech 

Get SALT Encoding   

  12  0:04  SCV  
  13  0:19  SCV, Supply Depot  
  14  0:31  SCV  
  15  0:42  Barracks  
  15  0:43  SCV  
  16  0:53  Refinery  
  16  0:55  SCV  
  17  1:08  SCV  
  18  1:16  Barracks  
  18  1:20  SCV  
  19  1:32  Marine  
  20  1:40  SCV  
  21  1:53  Marine  
  22  1:54  Command Center  
  22  1:57  SCV  
  23  2:16  Barracks Tech Lab  
  23  2:22  Supply Depot  
  23  2:23  Supply Depot  
  23  2:34  Factory  
  23  2:43  Marine  
  24  2:59  Marine  
  24  3:01  Marine  
  24  3:03  Orbital Command  
  26  3:09  SCV  
  26  3:10  Engineering Bay  
  27  3:17  Marine  
  27  3:19  Marine  
  28  3:21  SCV  
  29  3:31  SCV  
  29  3:33  SCV  
  30  3:43  SCV  
  31  3:58  Marine  
  31  3:59  SCV  
  33  4:03  Factory Tech Lab  
  33  4:05  Combat Shield  
  32  4:18  Refinery  
  32  4:19  Starport  
  32  4:20  SCV  
  32  4:22  Orbital Command  
  33  4:27  Barracks Reactor  
  33  4:28  Marine  
  32  4:33  Refinery  
  32  4:38  SCV  
  33  4:48  Refinery  
  33  4:55  Siege Tank  
  36  5:00  SCV  
  36  5:03  SCV  
  38  5:10  Starport Reactor  
  38  5:18  Terran Infantry Armor Level 1  
  38  5:19  SCV  
  39  5:26  SCV  
  40  5:34  Marine x2  
  42  5:38  Siege Tank  
  45  5:43  SCV  
  45  5:48  SCV  
  47  5:55  SCV  
  48  6:00  SCV  
  48  6:03  Factory  
  49  6:04  Factory  
  49  6:07  SCV  
  46  6:29  Marine x2  
  46  6:30  SCV x2  
  50  6:37  Widow Mine  
  52  6:42  SCV  
  48  6:58  Widow Mine  
  47  7:09  Widow Mine x2  
  47  7:12  Command Center  
  51  7:16  Terran Infantry Weapons Level 1  
  51  7:20  Widow Mine  
  51  7:21  Armory  
  53  7:37  Widow Mine x2  
  53  7:39  SCV  
  53  7:40  Supply Depot  
  53  7:41  Supply Depot, Widow Mine  
  53  7:43  Supply Depot  
  60  7:44  Medivac x2  
  60  7:45  Marine  
  60  7:46  Marine x2  
  67  7:59  Widow Mine x2  
  67  8:02  Widow Mine  
  73  8:14  Marine x2  
  73  8:15  Marine  
  76  8:20  Widow Mine x2  
  76  8:24  Widow Mine  
  72  8:32  SCV x3, Marine x3  
  76  8:45  Siege Tank  
  79  8:50  Marine x3  
  79  8:55  Medivac x2  
  86  8:56  SCV x2  
  86  8:58  SCV  
  74  9:08  SCV, Marine x2  
  74  9:09  SCV  
  78  9:10  SCV  
  78  9:14  Hellion x2  
  83  9:17  Siege Tank  
  80  9:36  Hellion x2  
  84  9:40  Viking  
  84  9:41  Viking  
  84  9:44  Terran Infantry Armor Level 2  
  88  9:47  Marine x3  
  88  9:49  Siege Tank  
  94  9:57  Hellion x2, Missile Turret  
  94  9:58  Missile Turret  
  97  10:05  Marine x3  
  91  10:10  Viking  
  91  10:11  SCV, Viking  
  88  10:18  Hellion  
  88  10:19  Hellion  
  86  10:21  Siege Tank  
  86  10:24  SCV  
  84  10:34  Missile Turret  
  84  10:35  Missile Turret  
  77  10:36  SCV  
  77  10:40  Hellion x2, Viking  
  77  10:41  Viking  
  80  10:48  SCV  
  80  10:54  Hellion  
  82  11:00  SCV  
  83  11:10  Viking  
  83  11:11  Viking  
  74  11:40  Viking x2  
  74  11:41  Marine x3  
  81  11:51  SCV  
  82  11:54  Terran Vehicle And Ship Armor Level 1  
  82  11:58  Marine  
  82  11:59  Marine x2  
  82  12:00  Terran Infantry Weapons Level 2  
  85  12:03  SCV  
  85  12:08  Factory Tech Lab  
  86  12:10  Viking x2  
  86  12:12  Factory Tech Lab  
  86  12:15  SCV  
  91  12:16  Marine x2  
  93  12:27  SCV  
  94  12:45  Command Center  
  83  13:13  Viking  
  83  13:14  Viking  
  82  13:43  Viking  
  82  13:44  Viking  
  81  14:13  Terran Vehicle And Ship Armor Level 2, Viking  
  81  14:14  Viking  
  81  14:17  Terran Infantry Armor Level 3  
  85  14:26  Armory  
  85  14:27  Thor x2  
  97  14:40  Thor  
  97  14:43  Viking  
  97  14:44  Viking  
  67  15:10  Thor x2  
  76  15:23  Thor  
  75  15:53  Thor  
  75  15:54  Widow Mine  
  41  16:15  Widow Mine  
  28  16:26  Marine x2  
  28  16:29  Marine  
  22  16:44  Marine  
Show
View Real Time Build Order
Export as new Build Order

Sketchaphone Zerg 

Build Orders: Hatch First, Swarm Host 

Get SALT Encoding   

  12  0:01  Drone  
  13  0:12  Overlord  
  13  0:18  Drone  
  14  0:31  Drone x2  
  16  0:38  Drone  
  17  0:56  Hatchery  
  16  1:12  Spawning Pool  
  16  1:14  Drone  
  16  1:18  Extractor  
  16  1:19  Drone  
  16  1:23  Drone  
  17  1:30  Drone  
  18  1:37  Drone  
  18  2:17  Roach Warren  
  17  2:23  Queen  
  17  2:24  Queen  
  17  2:26  Metabolic Boost  
  17  2:27  Zergling x6  
  24  2:35  Drone x2  
  26  2:42  Zergling x4  
  28  2:57  Overlord  
  28  2:58  Overlord  
  28  3:07  Spine Crawler  
  28  3:09  Zergling x2  
  28  3:14  Overlord  
  28  3:44  Roach x5  
  38  3:56  Drone x2  
  39  4:11  Extractor  
  39  4:12  Drone x4  
  39  4:13  Drone  
  43  4:22  Overlord  
  43  4:36  Drone x2  
  43  4:37  Drone x2  
  47  4:39  Drone  
  47  5:01  Lair  
  47  5:10  Zergling x10  
  47  5:11  Drone  
  47  5:12  Overlord  
  53  5:24  Zergling x2  
  53  5:25  Zergling x2  
  55  5:34  Evolution Chamber x2, Drone x4  
  41  6:13  Zerg Missile Weapons Level 1  
  41  6:14  Infestation Pit, Overlord x2  
  40  6:19  Spore Crawler  
  40  6:22  Spore Crawler  
  40  6:24  Hatchery  
  37  6:35  Zergling x18  
  38  7:07  Drone x5  
  37  7:11  Drone x7  
  44  7:23  Spire  
  44  7:24  Pathogen Glands  
  44  7:27  Swarm Host  
  44  7:28  Swarm Host  
  49  7:32  Extractor  
  49  7:33  Drone x2  
  49  7:36  Drone  
  51  7:37  Queen  
  53  7:56  Roach x7  
  67  8:00  Spine Crawler  
  66  8:26  Swarm Host x4  
  68  8:45  Spore Crawler x2  
  68  8:46  Spore Crawler x2  
  62  9:02  Drone x7, Spore Crawler  
  69  9:05  Spore Crawler, Swarm Host x2  
  69  9:06  Spore Crawler  
  69  9:08  Spore Crawler  
  71  9:13  Drone x2  
  63  9:31  Drone  
  63  9:32  Drone x4  
  68  9:53  Drone x4, Extractor  
  71  10:09  Drone x4  
  71  10:12  Drone x3  
  78  11:02  Hatchery  
  77  11:06  Hatchery  
  72  11:38  Overlord  
  72  11:39  Overlord x2  
  72  11:50  Extractor x2  
  72  11:53  Overlord x4  
  70  11:58  Hatchery  
  69  12:05  Zerg Ground Armor Level 1  
  69  12:29  Pneumatized Carapace  
  69  12:37  Spawning Pool  
  68  12:50  Drone x6  
  68  12:51  Drone x13  
  72  13:29  Lair  
  72  13:39  Baneling Nest, Zergling x18  
  72  13:40  Zergling x30  
  95  13:49  Queen  
  97  14:03  Zerg Melee Weapons Level 1  
  97  14:11  Baneling Nest  
  97  14:13  Drone  
  97  14:14  Drone x7  
  97  14:15  Drone, Overlord  
  97  14:16  Drone, Overlord  
  107  14:17  Drone x3  
  109  14:25  Extractor  
  109  14:26  Extractor  
  109  14:30  Centrifical Hooks  
  107  14:38  Drone x3  
  109  14:43  Infestation Pit  
  109  14:44  Zergling x32  
  116  15:04  Zergling x32  
  127  15:07  Baneling x16  
  127  15:11  Baneling  
  127  15:12  Baneling x17  
  127  15:25  Baneling  
  127  15:26  Baneling x13  
  127  15:35  Zergling x26  
  68  16:05  Zergling x26  
  68  16:10  Zergling x6  
  76  16:25  Baneling x8  
  71  16:26  Baneling x10  
  71  16:29  Zergling x4  
  71  16:30  Zergling x10  
  74  16:33  Zergling x2  
Show
View Real Time Build Order
Export as new Build Order

MogarFNSMASH Terran 

Build Orders: Reaper Expand 

Get SALT Encoding   

  12  0:01  SCV  
  13  0:13  SCV  
  14  0:18  Supply Depot  
  14  0:25  SCV  
  15  0:39  SCV  
  15  0:41  Barracks  
  16  0:45  Refinery  
  16  0:51  SCV  
  17  1:04  SCV  
  18  1:16  SCV  
  19  1:28  Orbital Command, Reaper  
  20  1:44  Command Center  
  20  1:55  Barracks  
  20  1:58  SCV  
  21  2:02  Barracks Reactor  
  21  2:10  Supply Depot  
  21  2:12  SCV  
  22  2:24  SCV  
  22  2:26  Factory  
  23  2:31  Refinery  
  23  2:36  SCV  
  24  2:39  Marine x2  
  24  2:43  Barracks Tech Lab  
  26  2:48  SCV  
  27  2:52  Bunker  
  27  2:57  Marine  
  28  3:01  SCV  
  29  3:06  Marine x2  
  31  3:15  Starport  
  31  3:20  SCV  
  31  3:23  Marine  
  31  3:25  Orbital Command  
  33  3:31  Marine  
  33  3:32  Marine  
  35  3:36  Stimpack  
  35  3:40  SCV  
  36  3:46  Marine  
  37  3:50  Marine  
  38  3:55  Marine  
  38  3:57  Factory Reactor  
  38  3:59  SCV  
  40  4:03  Marine  
  41  4:10  Marine  
  41  4:11  SCV  
  43  4:17  Supply Depot x2  
  43  4:20  Orbital Command, Marine  
  44  4:29  Marine x2  
  46  4:38  SCV  
  46  4:42  Factory Tech Lab  
  47  4:45  Marine  
  47  4:46  SCV  
  47  4:49  Medivac x2  
  47  4:50  SCV  
  47  4:52  Marine x2  
  56  4:53  Engineering Bay  
  56  4:55  Engineering Bay  
  56  4:58  SCV  
  56  5:00  Supply Depot  
  56  5:03  SCV  
  56  5:06  Marine  
  61  5:10  SCV  
  62  5:15  Supply Depot  
  62  5:20  Refinery  
  62  5:21  SCV, Marine x2  
  62  5:23  SCV  
  66  5:29  Refinery, Marine  
  66  5:33  SCV  
  66  5:35  SCV  
  65  5:37  Combat Shield  
  65  5:39  Marine  
  65  5:40  Terran Infantry Armor Level 1, Terran Infantry Weapons Level 1  
  64  5:45  SCV, Marine  
  64  5:47  Marine  
  62  5:59  Marine  
  62  6:00  Siege Tank  
  62  6:03  Marine  
  63  6:05  Medivac  
  63  6:10  SCV x2  
  67  6:13  Marine  
  67  6:18  Supply Depot  
  68  6:19  Marine  
  68  6:20  Barracks x2  
  68  6:21  Barracks  
  68  6:22  SCV x2, Armory  
  68  6:23  Marine  
  72  6:27  Supply Depot  
  72  6:34  SCV x2, Siege Tank  
  72  6:37  Marine  
  78  6:46  SCV x2  
  74  6:51  Marine  
  74  6:52  Command Center  
  74  6:56  Marine  
  74  6:58  SCV  
  75  7:06  SCV, Siege Tank  
  76  7:10  SCV  
  76  7:11  Barracks Reactor, Marine  
  76  7:12  Barracks Reactor x2  
  78  7:17  Marine x2  
  80  7:26  Medivac x2  
  80  7:28  SCV x2  
  80  7:29  Marine  
  87  7:34  Marine  
  87  7:35  Marine  
  89  7:40  SCV  
  89  7:41  SCV  
  89  7:43  Supply Depot  
  91  7:45  Supply Depot x2  
  91  7:46  Marine  
  91  7:49  Terran Infantry Weapons Level 2  
  91  7:50  Marine  
  91  7:51  Marine  
  94  8:02  Terran Infantry Armor Level 2  
  94  8:03  SCV x2, Marine x2  
  94  8:05  Marine  
  99  8:06  Marine x4  
  99  8:10  Orbital Command  
  103  8:15  SCV  
  102  8:20  Marine  
  102  8:21  Siege Tank  
  102  8:26  Marine  
  106  8:27  Marine x7  
  113  8:38  Marine  
  111  8:43  Medivac x2  
  111  8:44  Marine  
  111  8:45  Marine x2  
  113  8:55  Marine x2  
  113  8:56  Siege Tank  
  113  9:00  Marine x2  
  113  9:01  SCV x2  
  113  9:02  SCV  
  118  9:04  Refinery x2  
  118  9:10  Barracks x3  
  118  9:14  Marine  
  119  9:17  Marine  
  119  9:18  Marine x5  
  122  9:26  Marine x2  
  122  9:27  Medivac  
  122  9:29  Siege Tank  
  129  9:52  Marine x5  
  131  9:53  Marine  
  131  9:56  Marine x3  
  123  10:00  Terran Ship Weapons Level 1  
  123  10:01  Siege Tank  
  123  10:02  Barracks Tech Lab x2  
  123  10:04  Starport x2  
  120  10:11  Marine x5  
  120  10:12  Barracks Tech Lab  
  120  10:15  Marine  
  120  10:16  Marine x2  
  120  10:19  Ghost Academy  
  123  10:28  Marine  
  123  10:29  Marauder x2  
  123  10:34  Terran Infantry Weapons Level 3  
  128  10:37  Marine x2  
  128  10:38  Marine x3  
  133  10:50  Supply Depot  
  133  10:51  Marine x4  
  133  10:52  Marauder x2, Supply Depot  
  141  11:01  Supply Depot  
  141  11:04  Terran Infantry Armor Level 3  
  141  11:11  Marine x7  
  141  11:17  Marine  
  141  11:18  Marauder, Marine x2  
  145  11:21  Medivac  
  145  11:24  Starport Reactor  
  142  11:27  Starport Tech Lab  
  116  11:49  Marine x7  
  116  11:50  Command Center  
  116  11:54  Concussive Shells  
  123  11:56  Liberator  
  123  11:57  Marine, Liberator  
  123  11:58  Marauder  
  129  12:07  Ghost  
  129  12:08  Ghost x2  
  131  12:10  Command Center  
  131  12:13  Medivac  
  139  12:17  Fusion Core  
  139  12:22  Marine x4  
  140  12:23  Marine x5  
  148  12:36  Ghost x2  
  152  12:44  Marine  
  152  12:45  Marine x7  
  160  12:56  Marine x2  
  133  13:01  Medivac  
  133  13:02  Medivac, Marine x2  
  133  13:04  Ghost  
  133  13:05  SCV x3, Ghost  
  141  13:12  Medivac  
  143  13:17  SCV x2  
  145  13:24  Marine x7  
  145  13:25  Planetary Fortress, Marine  
  153  13:30  Refinery x2  
  153  13:32  Medivac  
  155  13:44  Marine x2  
  155  13:45  Marauder, Marine x7  
  155  13:46  Marauder  
  167  13:56  Marine  
  165  14:03  Marauder  
  165  14:04  SCV x2  
  165  14:06  Ghost  
  165  14:07  Marauder  
  167  14:13  SCV x2, Marine  
  167  14:14  Marine x7, Ghost  
  167  14:16  SCV  
  180  14:29  Marine x2  
  178  14:35  Marauder  
  180  14:43  Marauder  
  180  14:44  Marine  
  180  14:45  Marine x4  
  172  14:47  Marauder x2  
  172  14:48  Marine  
  172  14:49  Widow Mine  
  177  14:53  Marine x2  
  177  14:59  Marauder  
  177  15:02  Marine  
  177  15:03  Marine  
  177  15:05  Supply Depot  
  177  15:06  Supply Depot, Marine  
  180  15:10  Supply Depot x2  
  180  15:20  Command Center  
  180  15:27  Medivac, Marauder x2, Marine x4  
  180  15:28  Medivac, Marauder x2  
  196  15:29  Marine  
  196  15:30  Marine  
  196  15:31  Medivac x2  
  200  15:51  Starport  
  200  15:52  Armory, Starport  
  200  16:05  Command Center  
  200  16:06  Medivac  
  200  16:08  Command Center, Marine  
  200  16:09  Marine, Widow Mine  
  196  16:13  Marine x4  
  200  16:36  Orbital Command  
  195  16:59  Supply Depot  
  200  17:01  Supply Depot x2  
Show
View Real Time Build Order
Export as new Build Order

HiveMind Terran 

Build Orders: Reaper Expand 

Get SALT Encoding   

  12  0:01  SCV  
  13  0:14  SCV  
  13  0:20  Supply Depot  
  14  0:29  SCV  
  15  0:46  Barracks  
  15  0:47  SCV  
  15  0:48  Refinery  
  16  1:02  SCV  
  17  1:34  Reaper  
  18  1:43  Command Center  
  18  1:49  Orbital Command  
  18  2:10  Factory  
  18  2:24  SCV  
  18  2:26  Refinery  
  19  2:36  SCV  
  19  3:00  Marine, Factory Tech Lab  
  19  3:05  Bunker  
  20  3:17  Bunker  
  20  3:18  Marine  
  21  3:21  Siege Tank  
  21  3:25  Barracks  
  24  3:36  Marine  
  24  3:53  Marine  
  24  3:56  Siege Tank  
  26  4:11  Marine  
  26  4:13  Barracks  
  27  4:19  Starport  
  27  4:25  SCV  
  28  4:37  SCV  
  29  4:47  Orbital Command  
  29  4:49  SCV  
  29  4:52  Barracks Tech Lab  
  30  4:53  Siege Tank  
  33  5:01  SCV  
  34  5:10  Marine x3  
  37  5:22  Stimpack  
  37  5:28  Marine  
  38  5:34  Starport Reactor  
  38  5:38  Barracks Tech Lab  
  38  5:50  SCV  
  38  6:05  Orbital Command, SCV  
  38  6:23  Supply Depot  
  38  6:24  Combat Shield, Supply Depot  
  38  6:26  Barracks Reactor  
  38  6:37  Engineering Bay  
  38  6:44  SCV x2, Siege Tank  
  43  6:48  Supply Depot  
  43  6:56  SCV x2  
  45  7:09  SCV x2  
  45  7:13  Terran Infantry Weapons Level 1  
  45  7:14  Marine x2  
  49  7:15  Medivac x2  
  49  7:21  SCV x2  
  55  7:33  SCV x2  
  57  7:45  SCV x2, Marine x3  
  62  7:57  Supply Depot  
  62  7:58  Supply Depot  
  62  7:59  Supply Depot x2  
  62  8:01  Supply Depot  
  62  8:18  Siege Tank, Marine x4  
  69  8:36  Marine x4  
  73  8:54  Marine x4  
  77  9:11  Marine x4  
  81  9:21  SCV x2  
  81  9:23  Barracks x2  
  83  9:26  Refinery  
  83  9:28  Refinery  
  83  9:29  Marine x3  
  86  9:32  Terran Infantry Armor Level 1  
  86  9:33  SCV x2  
  88  9:39  Armory, Viking x2  
  88  9:45  SCV x2  
  94  9:55  Marine x4  
  98  10:01  Supply Depot  
  98  10:03  SCV x2, Supply Depot  
  100  10:09  Viking  
  102  10:22  Marine x4, Viking  
  102  10:23  SCV x2  
  102  10:25  Supply Depot  
  110  10:30  Terran Ship Weapons Level 1  
  110  10:35  SCV x2  
  112  10:36  Thor  
  112  10:42  Command Center  
  118  10:47  Marine, Viking  
  118  10:49  Command Center, Supply Depot  
  121  10:52  Viking  
  123  11:00  Armory  
  123  11:28  Thor  
  129  11:52  Refinery  
  129  11:55  Terran Vehicle And Ship Armor Level 1, Refinery  
  129  11:59  Medivac  
  129  12:00  Medivac  
  133  12:02  Barracks Reactor x2  
  133  12:04  Concussive Shells  
  133  12:08  Orbital Command  
  133  12:15  Orbital Command  
  133  12:18  Refinery  
  133  12:30  Factory  
  133  12:33  Factory  
  133  13:11  Thor  
  139  13:17  Terran Vehicle Weapons Level 1  
  139  13:20  SCV x3  
  139  13:21  SCV  
  143  13:28  Factory Tech Lab  
  143  13:29  Factory Tech Lab  
  143  13:32  SCV x2  
  143  13:33  SCV x2  
  147  13:44  SCV x2  
  147  13:45  Marine  
  147  13:46  Marine x7  
  157  13:55  Supply Depot  
  157  13:58  Supply Depot  
  157  13:59  Supply Depot  
  157  14:00  Supply Depot  
  157  14:01  Supply Depot  
  158  14:02  SCV  
  158  14:03  SCV x3, Marine x2  
  158  14:04  Marine  
  164  14:16  Thor, Marine, SCV  
  172  14:19  Marine x4  
  172  14:20  Thor x2, Supply Depot  
  172  14:21  Marine x3  
  191  14:59  Thor  
  106  16:19  Thor x3  
  118  16:36  Factory x2  
  118  16:37  Factory  
Show
View Real Time Build Order
Export as new Build Order

KnightLaneII Terran 

Build Orders: Reaper Expand 

Get SALT Encoding   

  12  0:01  SCV  
  13  0:13  SCV  
  14  0:25  Supply Depot  
  14  0:26  SCV  
  15  0:47  SCV  
  16  0:54  Barracks  
  16  0:59  SCV  
  16  1:00  Refinery  
  17  1:11  SCV  
  18  1:23  SCV  
  19  1:44  Supply Depot  
  19  1:46  Refinery  
  19  1:56  Reaper  
  19  1:59  Command Center  
  20  2:15  Orbital Command  
  20  2:23  Factory  
  20  2:35  Marine  
  21  2:41  SCV  
  22  3:00  Marine  
  23  3:16  Widow Mine  
  23  3:18  Marine  
  25  3:29  SCV  
  26  3:36  Marine  
  27  4:09  SCV  
  28  4:14  Marine  
  29  4:18  Starport  
  29  4:21  SCV, Starport  
  29  4:22  Widow Mine  
  32  4:32  Orbital Command, Marine  
  32  4:34  SCV  
  34  4:46  SCV  
  34  4:49  Marine  
  36  4:57  Supply Depot  
  36  4:58  SCV, Supply Depot x2, Fusion Core  
  37  5:04  Armory  
  37  5:05  Widow Mine  
  39  5:12  SCV x2  
  41  5:24  SCV x2, Marine  
  41  5:27  Widow Mine  
  41  5:28  Starport Tech Lab x2  
  46  5:41  Marine  
  47  5:45  SCV  
  47  5:46  SCV  
  47  5:48  Refinery  
  47  5:49  Refinery  
  43  5:58  SCV x2  
  43  5:59  Marine  
  41  6:11  Widow Mine  
  41  6:14  Viking x2  
  41  6:17  Marine  
  46  6:23  SCV x2  
  50  6:33  Widow Mine  
  50  6:35  SCV x2, Marine  
  53  6:44  Battlecruiser x2  
  65  6:47  SCV x2  
  67  6:59  SCV x2  
  69  7:12  SCV  
  70  7:20  Supply Depot  
  70  7:21  Supply Depot  
  70  7:22  Supply Depot  
  70  7:29  SCV x2  
  70  7:37  Command Center  
  70  7:42  SCV  
  70  7:43  Supply Depot  
  70  7:44  Supply Depot x2  
  71  7:45  Marine, Widow Mine  
  71  7:48  Battlecruiser  
  86  7:51  Battlecruiser  
  86  8:03  SCV x2, Marine  
  89  8:06  Widow Mine  
  91  8:46  Weapon Refit  
  91  8:48  Terran Ship Weapons Level 1  
  89  9:10  SCV x2  
  89  9:13  Orbital Command  
  91  9:35  Refinery  
  91  9:36  Refinery  
  93  11:04  Battlecruiser x2  
  93  11:12  Starport x2  
  93  11:17  Supply Depot  
  93  11:32  Supply Depot  
  93  11:51  Terran Ship Weapons Level 2  
  93  11:56  Supply Depot  
  93  11:59  Starport Reactor x2  
  105  12:08  Battlecruiser x2  
  105  12:18  Supply Depot  
  105  12:33  Armory  
  105  12:41  Viking x2  
  105  12:42  Supply Depot, Viking x2  
  113  13:05  Supply Depot  
  95  13:29  Supply Depot  
  89  13:48  SCV  
  89  13:49  SCV x2  
  89  13:52  Supply Depot  
  92  13:58  Viking  
  92  13:59  Viking x3  
  100  14:12  Medivac  
  100  14:14  Medivac  
  100  14:15  Supply Depot  
  104  14:24  Terran Vehicle And Ship Armor Level 1, Terran Ship Weapons Level 3  
  104  14:28  Viking  
  104  14:29  Viking x3  
  112  14:32  Supply Depot  
  112  14:58  Viking  
  112  14:59  Viking x3  
  120  15:09  Starport Reactor  
  120  15:12  Starport Reactor  
  120  15:28  Viking x2  
  122  15:29  Viking x2  
  128  15:52  Viking x3  
  128  15:53  Viking  
  136  15:58  Viking x4  
  144  16:22  Viking x3  
  144  16:23  Viking  
Tags
 
Add a new tag
Caveats
  • Supply blocks, unpowered buildings, or Contaminate may cause inaccurate times.
  • Supply counts are checked every 10 seconds.